 Dungeon Crawl Stone Soup version 0.20.1-1-g8b1a95d (webtiles) character file.

149 Ilten the Skirmisher (level 5, -6/42 HPs)
             Began as a Demonspawn Abyssal Knight on June 2, 2017.
             Was a Priest of Lugonu.
             Mangled by Sigmund
             ... wielding a +0 scythe
              (7 damage)
             ... on level 3 of the Dungeon on July 31, 2017.
             The game lasted 00:20:50 (2511 turns).

Ilten the Skirmisher (Demonspawn Abyssal Knight)    Turns: 2511, Time: 00:20:51

Health: -6/42      AC:  7    Str: 14    XL:     5   Next: 9%
Magic:  0/7        EV:  9    Int: 13    God:    Lugonu [***...]
Gold:   124        SH:  0    Dex: 14    Spells: 4/4 levels left

rFire    . . .     SeeInvis .   a - +1 falchion
rCold    . . .     Gourm    .   (no shield)
rNeg     . . .     Faith    .   e - +0 scale mail
rPois    .         Spirit   +   g - +0 helmet
rElec    .         Reflect  .   (no cloak)
rCorr    .         Harm     .   (no gloves)
MR       .....                  (no boots)
Stlth    +.........             (no amulet)
Regen    0.2/turn               (no ring)
MPRegen  0.2/turn               (no ring)

@: no status effects
A: thin skeletal structure 1, magic shield, magic regeneration
a: Depart the Abyss, Bend Space, Banish, Renounce Religion


You were on level 3 of the Dungeon.
You worshipped Lugonu.
Lugonu was most pleased with you.
You were not hungry.

You visited 1 branch of the dungeon, and saw 3 of its levels.
You visited the Abyss 1 time.

You collected 124 gold pieces.

Inventory:

Hand Weapons
 a - a +1 falchion (weapon)
Armour
 b - a +0 leather armour
 e - a +0 scale mail (worn)
 g - a +0 helmet (worn)
Scrolls
 i - a scroll of teleportation {unknown}
 l - a scroll of noise {unknown}
 n - a scroll of enchant armour {unknown}
 r - a scroll of fear {unknown}
 s - a scroll of random uselessness {unknown}
Potions
 d - 2 potions of flight {unknown}
 f - 2 potions of heal wounds {unknown}
 h - 2 potions of berserk rage {unknown}
 j - a potion of invisibility {unknown}
 k - a potion of brilliance {unknown}
 m - a potion of ambrosia {unknown}
 o - a potion of resistance {unknown}
 q - a potion of haste {unknown}
Comestibles
 c - a bread ration


   Skills:
 + Level 3.9 Fighting
 + Level 3.2 Long Blades
 + Level 2.7 Armour
 + Level 1.4 Dodging
 * Level 2.8 Invocations


You had 4 spell levels left.
You didn't know any spells.

Dungeon Overview and Level Annotations

Branches:
Dungeon (3/15)

Altars:
Kikubaaqudgha
Uskayaw
Xom

Annotations:
D:3 Sigmund


Innate Abilities, Weirdness & Mutations

You have a somewhat thin skeletal structure. (Dex +2, Stealth)
When hurt, damage is shared between your health and your magic reserves.
You regenerate magic rapidly.


Message History

Sigmund hits you from afar with a scythe.
* * * LOW HITPOINT WARNING * * *
You hit the black bear but do no damage.
The black bear is heavily wounded.
The crimson imp barely misses you. The black bear closely misses you.
The black bear claws you but does no damage.
The black bear barely misses you.
The crimson imp blinks!
You hit the black bear but do no damage.
The black bear is heavily wounded.
Sigmund misses you. The black bear barely misses you.
The black bear claws you. x2
* * * LOW HITPOINT WARNING * * *
You barely miss the black bear.
The black bear is heavily wounded.
The black bear bites you.
* * * LOW HITPOINT WARNING * * *
The black bear claws you but does no damage.
The black bear claws you.
* * * LOW HITPOINT WARNING * * *
Sigmund hits you from afar with a scythe!
You die...

#############
#.......@...#
#.......h...# ##
######...5..@....# ..
....+...........#
######.##...........#
....................#
#.....................
#........##.######.....
.........##..# .......


You could see Sigmund, a black bear and a crimson imp.

Vanquished Creatures
  Terence (D:2)
  3 adders (D:3)
  An ooze (D:1)
  3 worms
  2 dart slugs
  4 leopard geckos
  4 giant cockroaches
  7 goblins
  7 hobgoblins
  11 jackals
  A quokka (D:3)
  12 bats
  3 frilled lizards
  10 kobolds
  6 rats
75 creatures vanquished.

Notes
Turn   | Place    | Note
-------+----------+-------------------------------------------
     0 | Abyss:1  | Ilten the Demonspawn Abyssal Knight began the quest for the Orb.
     0 | Abyss:1  | Reached XP level 1. HP: 18/18 MP: 2/2
    24 | D:1      | Escaped the Abyss
    98 | D:1      | Gained mutation: You have a somewhat thin skeletal structure. (Dex +2, Stealth) [demonic ancestry]
    98 | D:1      | Reached XP level 2. HP: 12/24 MP: 3/3
   371 | D:1      | Upgraded the game from 0.20.0-8-g6b59dc7 to 0.20.1-1-g8b1a95d
   646 | D:1      | Reached ** piety under Lugonu
   735 | D:1      | Reached XP level 3. HP: 26/29 MP: 4/4
   829 | D:1      | Reached skill level 1 in Dodging
  1055 | D:2      | Found an ancient bone altar of Kikubaaqudgha.
  1414 | D:2      | Gained mutation: When hurt, damage is shared between your health and your magic reserves. [demonic ancestry]
  1414 | D:2      | Reached XP level 4. HP: 35/35 MP: 5/5
  1472 | D:2      | Reached *** piety under Lugonu
  1526 | D:2      | Noticed a dagger
  1526 | D:2      | Found a hide-covered altar of Uskayaw.
  1526 | D:2      | Noticed a hand axe
  1591 | D:2      | Noticed Terence
  1620 | D:2      | Killed Terence
  2219 | D:3      | Gained mutation: You regenerate magic rapidly. [demonic ancestry]
  2219 | D:3      | Reached XP level 5. HP: 29/42 MP: 5/7
  2453 | D:3      | Found a shimmering altar of Xom.
  2467 | D:3      | Noticed a black bear
  2497 | D:3      | Noticed Sigmund
  2511 | D:3      | HP: 2/42 [black bear (1)]
  2511 | D:3      | Mangled by Sigmund

Skill      XL: |  1  2  3  4 |
---------------+-------------+-----
Armour         | 2 |  2.7
Long Blades    | 2 3 |  3.2
Dodging        | 1 |  1.4
Fighting       | |  3.9
Invocations    | |  2.8

Action                   |  1- 3 |  4- 6 || total
-------------------------+-------+-------++-------
Melee: Falchion          |   136 |   115 ||   251
Invok: Bend Space        |       |     1 ||     1
  Use: Scroll            |       |     1 ||     1
  Eat: Meat ration       |     1 |       ||     1
       Bread ration      |       |     1 ||     1
Armor: Leather armour    |    16 |       ||    16
       Scale mail        |    69 |    68 ||   137
Dodge: Dodged            |   107 |    78 ||   185
       Rpst.: Falchion   |    28 |    18 ||    46
